 Dungeon Crawl Stone Soup version 0.16-a0-1218-g8731af7 (webtiles) character file.

263 tedric the Changer (level 6, -8/38 HPs)
             Began as an Octopode Transmuter on Oct 12, 2014.
             Was an Initiate of Cheibriados.
             Mangled by an ogre
             ... wielding a +0 giant spiked club
              (25 damage)
             ... on level 7 of the Dungeon.
             The game lasted 00:10:10 (1638 turns).

tedric the Changer (Octopode Transmuter)            Turns: 1638, Time: 00:10:10

Health: -8/38      AC:  2    Str: 11    XL:     6   Next: 19%
Magic:  13/15      EV: 20    Int: 19    God:    Cheibriados [......]
Gold:   139        SH:  0    Dex: 20    Spells: 4 memorised, 0 levels left

rFire  . . .     SeeInvis .       - Unarmed
rCold  . . .     Clarity  .     (shield currently unavailable)
rNeg   + . .     SustAb   .     (helmet currently unavailable)
rPois  x         Gourm    .     q - amulet of warding
rElec  .         Spirit   .     (no ring)
rCorr  .         Warding  +     l - +3 ring of intelligence
rMut   .         Stasis   .     (no ring)
MR     .....                    (no ring)
Stlth  ++........               (no ring)
                                (no ring)
                                (no ring)
                                (no ring)

@: spider-form, slow, not resistant to hostile enchantments, unstealthy
A: almost no armour, amphibious, 8 rings, (constrict 8), (camouflage 0),
(gelatinous body 0)
a: End Transformation, Bend Time, Renounce Religion


You were on level 7 of the Dungeon.
You worshipped Cheibriados.
Cheibriados was noncommittal.
You were not hungry.
You were a venomous arachnid creature.
You visited 1 branch of the dungeon, and saw 7 of its levels.

You collected 139 gold pieces.

Inventory:

Missiles
 e - 12 poisoned needles
Jewellery
 l - a +3 ring of intelligence (right front leg)
 q - an amulet of warding (around neck)
Scrolls
 i - 2 scrolls of identify {unknown}
 k - a scroll of enchant armour {unknown}
 m - a scroll of fog {unknown}
 n - a scroll of teleportation
 p - a scroll of enchant weapon
 v - a scroll of noise {unknown}
 w - a scroll of recharging {unknown}
Potions
 b - 2 potions of heal wounds {unknown}
 c - 2 potions of might {unknown}
 f - a potion of confusion {unknown}
 g - 3 potions of haste {unknown}
 j - a potion of flight {unknown}
 o - 2 potions of brilliance {unknown}
 r - a potion of cancellation {unknown}
 s - 2 potions of lignification {unknown}
 u - a potion of mutation {unknown}
Books
 d - a book of Changes

   Spells                             Type                      Level
   *Beastly Appendage                 Transmutation                1
   Sticks to Snakes                   Transmutation                2
   *Spider Form                       Transmutation/Poison         3
   *Ice Form                          Ice/Transmutation            4
   *Blade Hands                       Transmutation                5
Comestibles
 a - 3 bread rations
 h - a meat ration
 t - a rotting chunk of quokka flesh


   Skills:
 - Level 1.1 Fighting
 + Level 2.2 Dodging
 - Level 4.7 Unarmed Combat
 - Level 4.0 Spellcasting
 + Level 5.0 Transmutations
 * Level 0.0 Ice Magic


You couldn't memorise any spells.
You knew the following spells:

 Your Spells              Type           Power        Failure   Level  Hunger
a - Beastly Appendage     Trmt           ###...       6%          1    None
b - Spider Form           Trmt/Pois      ##........   32%         3    ###....
c - Ice Form              Ice/Trmt       ##......     71%         4    ####...
d - Blade Hands           Trmt           ###.......   71%         5    #####..


Dungeon Overview and Level Annotations

Branches:
Dungeon (7/15)
 Temple: D:4-7

Altars:
Cheibriados

Annotations:
D:1 exclusion: gnoll
D:2 exclusion: upstairs
D:6 exclusion: giant spore


Innate Abilities, Weirdness & Mutations

You cannot wear most types of armour.
You are amphibious.
You can wear up to eight rings at the same time.
((You can use your tentacles to constrict many enemies at once.))
((Your skin changes colour to match your surroundings (Stealth).))
((Your rubbery body absorbs attacks (AC +1).))


Message History

There is a stone staircase leading up here.
There is a stone staircase leading down here.
You climb downwards.
Found 12 gold pieces, 3 tomahawks of returning and a ring of strength.
There is a stone staircase leading up here.
An ogre comes into view. It is wielding a giant spiked club.
Found a ring mail.
An orc comes into view. It is wielding a club.
Casting: Spider Form
Confirm with . or Enter, or press ? or * to list all spells.
You turn into a venomous arachnid creature.
The ogre hits you with a giant spiked club!!
Ouch! That really hurt!
You smell something rotten. (slot t) Unknown command.
You hit the ogre.
The ogre is poisoned.
The ogre is lightly wounded.
The ogre hits you with a giant spiked club!!
Ouch! That really hurt!
You die...

#..... ....
..(.... ...#
....... ...#
.......###..#
..$......##..####.
#<.#......[
##.#........
#...## ##s..##.#
#.O.....#
#......###=..#
##..##.. #.....
#.. ##.. ...o. #.
..# .## # .## # .#
.#


You could see an ogre and an orc (sleeping).

Vanquished Creatures
  2 scorpions (D:4)
  A goliath beetle (D:6)
  A crimson imp (D:5)
  A worker ant (D:4)
  3 adders
  A shadow imp (D:6)
  An adder skeleton (D:5)
  A giant gecko (D:2)
  2 orcs
  9 bats
  A giant cockroach (D:6)
  3 goblins
  7 hobgoblins
  4 jackals (D:3)
  A kobold (D:1)
  A ball python (D:1)
  3 giant newts
  A hobgoblin skeleton (D:5)
  A hobgoblin zombie (D:5)
  A quokka (D:6)
  2 rats (D:1)
  A rat skeleton (D:5)
48 creatures vanquished.

Notes
Turn   | Place    | Note
--------------------------------------------------------------
     0 | D:1      | tedric, the Octopode Transmuter, began the quest for the Orb.
     0 | D:1      | Reached XP level 1. HP: 13/13 MP: 3/3
   224 | D:1      | Reached XP level 2. HP: 18/18 MP: 5/5
   542 | D:3      | Noticed an orc warrior
   633 | D:3      | Reached XP level 3. HP: 23/23 MP: 4/6
   921 | D:3      | Learned a level 3 spell: Spider Form
   954 | D:4      | Reached skill level 4 in Unarmed Combat
   954 | D:4      | Reached XP level 4. HP: 28/28 MP: 5/9
  1019 | D:4      | Noticed a scorpion
  1024 | D:4      | Killed a scorpion
  1024 | D:4      | Reached XP level 5. HP: 15/33 MP: 7/11
  1056 | D:4      | Noticed a scorpion
  1063 | D:4      | Killed a scorpion
  1219 | D:5      | Entered Level 5 of the Dungeon
  1298 | D:6      | Learned a level 4 spell: Ice Form
  1320 | D:6      | Found a snail-covered altar of Cheibriados.
  1409 | D:6      | Reached XP level 6. HP: 38/38 MP: 11/15
  1412 | D:6      | Became a worshipper of Cheibriados the Contemplative
  1419 | D:6      | Learned a level 5 spell: Blade Hands
  1448 | D:6      | Reached skill level 5 in Transmutations
  1638 | D:7      | Mangled by an ogre

Action                   |  1- 3 |  4- 6 || total
-------------------------+-------+-------++-------
Melee: Unarmed           |    68 |    43 ||   111
 Cast: Beastly Appendage |     4 |       ||     4
       Spider Form       |     1 |     4 ||     5
  Use: Scroll            |     1 |     2 ||     3
 Stab: Sleeping          |     3 |     3 ||     6
  Eat: Beef jerky        |     1 |       ||     1
       Chunk             |       |     1 ||     1
